 Dungeon Crawl Stone Soup version 0.21-a0-517-gd76cfe0 (webtiles) character file.

522 slep the Chopper (level 7, -10/61 HPs)
             Began as a Minotaur Monk on Dec 4, 2017.
             Was a Believer of Okawaru.
             Mangled by an orc warrior
             ... wielding a +0 mace
              (15 damage)
             ... on level 5 of the Dungeon.
             The game lasted 00:11:43 (3564 turns).

slep the Chopper (Minotaur Monk)                    Turns: 3564, Time: 00:11:43

Health: -10/61     AC:  5    Str: 16    XL:     7   Next: 1%
Magic:  6/6        EV: 14    Int:  7    God:    Okawaru [**....]
Gold:   314        SH:  0    Dex: 14    Spells: 6/6 levels left

rFire    + . .     SeeInvis .   a - +0 hand axe
rCold    . . .     Gourm    .   (no shield)
rNeg     . . .     Faith    .   l - +1 leather armour {rF+}
rPois    .         Spirit   .   (helmet restricted)
rElec    .         Reflect  .   (no cloak)
rCorr    +         Harm     .   t - +0 pair of gloves
MR       .....                  (no boots)
Stlth    ++........             (no amulet)
HPRegen  0.20/turn              v - ring of resist corrosion
MPRegen  0.10/turn              (no ring)

@: no status effects
A: retaliatory headbutt, horns 2
a: Heroism, Renounce Religion


You were on level 5 of the Dungeon.
You worshipped Okawaru.
Okawaru was pleased with you.
You were hungry.

You visited 1 branch of the dungeon, and saw 6 of its levels.

You collected 314 gold pieces.

Inventory:

Hand Weapons
 a - a +0 hand axe (weapon)
 m - a +0 flail of protection
 r - a +1 trident of flaming
 w - a +1 flail of protection
Armour
 b - a +0 robe
 l - a +1 leather armour of fire resistance (worn)
 t - a +0 pair of gloves (worn)
 x - a +0 ring mail of cold resistance
Jewellery
 v - a ring of resist corrosion (left hand)
Wands
 s - a wand of enslavement (13)
 y - a wand of iceblast (15)
Scrolls
 e - 8 scrolls of identify {unknown}
 f - 2 scrolls of fear {unknown}
 j - 4 scrolls of remove curse {unknown}
 o - 5 scrolls of teleportation {unknown}
 p - a scroll of noise {unknown}
 q - 2 scrolls of immolation {unknown}
 u - 2 scrolls of amnesia {unknown}
 A - 2 scrolls of magic mapping {unknown}
Potions
 d - 5 potions of flight {unknown}
 g - a potion of brilliance {unknown}
 h - a potion of mutation {unknown}
 i - 2 potions of curing {unknown}
 k - a potion of resistance {unknown}
 z - a potion of lignification {unknown}
 D - a potion of haste {unknown}
Books
 C - a Young Poisoner's Handbook

   Spells                             Type                      Level
   a - Sting                          Conjuration/Poison           1
   b - Poisonous Vapours              Poison/Air                   2
   c - Mephitic Cloud                 Conjuration/Poison/Air       3
   d - Olgreb's Toxic Radiance        Poison                       4
   e - Venom Bolt                     Conjuration/Poison           5
Comestibles
 c - 5 bread rations
 n - 3 royal jellies
 B - 2 meat rations


   Skills:
 + Level 5.1 Fighting
 + Level 6.4 Axes
 + Level 3.2 Armour
 + Level 4.6 Dodging
 + Level 2.9 Stealth


You had 6 spell levels left.
You didn't know any spells.

Dungeon Overview and Level Annotations

Branches:
Dungeon (6/15)
 Temple: D:4-7

Altars:
Makhleb
Okawaru


Innate Abilities, Weirdness & Mutations

You reflexively headbutt those who attack you in melee.
You have a pair of horns on your head.


Message History

The orc barely misses you.
You are feeling hungry.
The crimson imp blinks!
There is an open door here.
There is an open door here.
Evoke which item? (* to show all) (? for menu, Esc to quit)
Aiming: Enslavement
Press: ? - help, Shift-Dir - straight line, f - orc warrior
Aim: an orc warrior, wielding a mace and wearing a plate armour (chance to defeat MR: 46%)
The orc warrior resists with some effort.
The orc warrior hits you with a mace.
* * * LOW HITPOINT WARNING * * *
The orc completely misses you.
There is a stone staircase leading up here.
The orc warrior hits you but does no damage.
The orc hits you but does no damage.
You climb upwards.
There is a stone staircase leading down here.
The orc warrior hits you with a mace!
You die...

#########
#######.......########
#.................#...
#........#.....#..#..#
##........#.....#.#..##
#'......##....#...#....
##....@.......#..#...+#
#.....o.........#.....
#...........#..#.....>
#........##....#).....
#####.................
##.##...##.#......
#....##......####
#..##.....#######
###.....(........


You could see an orc warrior.

Vanquished Creatures
  A centaur (D:5)
  A howler monkey (D:2)
  2 orc priests
  Jessica (D:2)
  A worker ant (D:4)
  5 orc wizards
  A howler monkey zombie (D:5)
  A shadow imp (D:5)
  An ooze (D:4)
  3 worms
  2 dart slugs (D:1)
  6 leopard geckos
  18 orcs
  11 bats
  8 giant cockroaches
  12 goblins
  4 hobgoblins
  6 jackals
  7 kobolds
  3 quokkas
  A ball python (D:1)
  6 frilled lizards
  4 rats
105 creatures vanquished.

Notes
Turn   | Place    | Note
-------+----------+-------------------------------------------
     0 | D:1      | slep the Minotaur Monk began the quest for the Orb.
     0 | D:1      | Reached XP level 1. HP: 19/19 MP: 0/0
   121 | D:1      | Reached XP level 2. HP: 27/27 MP: 1/1
   205 | D:1      | Reached skill level 4 in Axes
   324 | D:1      | Reached XP level 3. HP: 20/33 MP: 2/2
   742 | D:2      | Noticed Jessica
   751 | D:2      | Killed Jessica
   767 | D:2      | Reached XP level 4. HP: 17/41 MP: 3/3
  1272 | D:2      | Reached skill level 5 in Axes
  1505 | D:3      | Reached XP level 5. HP: 43/47 MP: 4/4
  1616 | D:3      | Reached skill level 1 in Armour
  2218 | D:4      | Found a burning altar of Makhleb.
  2218 | D:4      | Noticed a green death
  2491 | D:4      | Reached XP level 6. HP: 55/55 MP: 5/5
  2797 | D:5      | Entered Level 5 of the Dungeon
  2902 | D:5      | Reached skill level 5 in Fighting
  2902 | D:5      | Reached skill level 6 in Axes
  3194 | D:5      | Found an iron altar of Okawaru.
  3203 | D:5      | Became a worshipper of Warmaster Okawaru
  3203 | D:5      | Reached * piety under Okawaru
  3203 | D:5      | Reached ** piety under Okawaru
  3498 | D:6      | Noticed an orc warrior
  3507 | D:6      | Reached XP level 7. HP: 33/61 MP: 6/6
  3522 | D:6      | HP: 2/61 [orc warrior/mace (14)]
  3544 | D:6      | HP: 1/61 [orc warrior/mace (4)]
  3564 | D:5      | Mangled by an orc warrior

Vault maps used:
D:1:      scummos_arrival_gate, serial_bayou_pond_d, grunt_decor_one_mirror,
          minmay_tetromino_i2
D:2:      first_bread, grunt_decor_arrowhead, minmay_item_behind_shaft,
          uniq_jessica
D:4:      makhleb_altar_promises_db
D:5:      hangedman_decor_peaks_small, okawaru_trees_2
D:6:      kennysheep_little_box, minmay_temple_entry_glass

Skill      XL: |  1  2  3  4  5  6 |
---------------+-------------------+-----
Fighting       | 4 5 |  5.1
Axes           | 4 5 6 |  6.4
Stealth        | 2 |  2.9
Dodging        | 4 |  4.6
Armour         | 2 3 |  3.2

Action                   |  1- 3 |  4- 6 |  7- 9 || total
-------------------------+-------+-------+-------++-------
Melee: Hand axe          |    60 |   188 |     6 ||   254
       Headbutt          |    13 |    43 |     1 ||    57
Evoke: Wand              |       |       |     1 ||     1
 Stab: Sleeping          |     2 |     6 |       ||     8
  Eat: Chunk             |       |     8 |       ||     8
Armor: Robe              |    13 |       |       ||    13
       Leather armour    |       |    36 |     2 ||    38
Dodge: Dodged            |    54 |   129 |    10 ||   193

Table legend:
 A = Spawn XP
 B = Non-spawn XP
 C = Spawn XP percentage of total XP
 D = Spawn monster count
 E = Non-spawn monster count
 F = Spawn count percentage of total count
 G = Total turns spent on level
                    A         B        C        D         E        F      G
               +---------+---------+-------+---------+---------+-------+---------
         Total |       0 |     746 |   0.0 |       0 |     105 |   0.0 |  3564
               +---------+---------+-------+---------+---------+-------+---------
           D:1 |       0 |      44 |   0.0 |       0 |      24 |   0.0 |   717
           D:2 |       0 |     127 |   0.0 |       0 |      18 |   0.0 |   699
           D:3 |       0 |      98 |   0.0 |       0 |      32 |   0.0 |   708
           D:4 |       0 |     193 |   0.0 |       0 |      14 |   0.0 |   673
           D:5 |       0 |     240 |   0.0 |       0 |      15 |   0.0 |   688
           D:6 |       0 |      44 |   0.0 |       0 |       2 |   0.0 |    79
               +---------+---------+-------+---------+---------+-------+---------
